 Dungeon Crawl Stone Soup version 0.17-a0-1638-g2ccaed7 (webtiles) character file.

7426 Conn321 the Covert (level 10, -2/49 HPs)
             Began as a Spriggan Enchanter on Aug 8, 2015.
             Was a Priest of Sif Muna.
             Slain by a hill giant
             ... wielding a cursed +0 giant spiked club
              (31 damage)
             ... on level 10 of the Dungeon.
             The game lasted 01:11:54 (12548 turns).

Conn321 the Covert (Spriggan Enchanter)            Turns: 12548, Time: 01:11:54

Health: -2/49      AC:  3    Str:  4    XL:     10   Next: 93%
Magic:  0/24       EV: 24    Int: 22    God:    Sif Muna [***...]
Gold:   466        SH:  0    Dex: 17    Spells: 3 memorised, 19 levels left

rFire  . . .     SeeInvis +     g - +2 short sword (speed)
rCold  . . .     Clarity  .     N - +1 robe {rN+}
rNeg   + . .     SustAt   .     (shield restricted)
rPois  +         Gourm    .     (helmet restricted)
rElec  .         Spirit   +     (no cloak)
rCorr  .         Warding  .     (gloves unavailable)
rMut   .         Stasis   .     (boots unavailable)
MR     ++...                    q - amulet of guardian spirit
Stlth  +++++++...               M - ring "Vafraropn" {+Fly Int+2}
                                L - ring of poison resistance

@: very quick, very resistant to hostile enchantments, extremely stealthy
A: unfitting armour, talons 1, see invisible, herbivore 3, speed 3, magic
resistance 1, slow metabolism 2
a: Channel Energy, Forget Spell, Renounce Religion, Evoke Flight


You were on level 10 of the Dungeon.
You worshipped Sif Muna.
Sif Muna was most pleased with you.
You were near starving.

You visited 1 branch of the dungeon, and saw 10 of its levels.

You collected 466 gold pieces.

Inventory:

Hand weapons
 a - a +3 dagger of speed
 f - a +2 whip of pain
 g - a +2 short sword of speed (weapon)
 s - the +3 falchion of Infinite Pain {flame, rElec rC+}
   (You found it on level 10 of the Dungeon)

   It has been specially enchanted to burn those struck by it, causing extra
   injury to most foes and up to half again as much damage against particularly
   susceptible opponents.
   Big, fiery blades are also staple armaments of hydra-hunters.
   It protects you from cold.
   It insulates you from electricity.
 x - a +0 shortbow
Missiles
 e - 245 stones (quivered)
 i - 6 needles of frenzy
 j - 81 bolts
 n - 158 arrows
 C - 33 sling bullets
 D - 6 curare-tipped needles
 O - 2 tomahawks
 R - 15 poisoned needles
Armour
 N - a +1 robe of positive energy (worn)
Jewellery
 q - an amulet of guardian spirit (around neck)
 L - a ring of poison resistance (left hand)
 M - the ring "Vafraropn" (right hand) {+Fly Int+2}
   (You found it on level 8 of the Dungeon)

   [ring of flight]

   It affects your intelligence (+2).
   It lets you fly.
Magical devices
 t - a wand of magic darts (31)
 u - a wand of frost (14)
 y - a wand of teleportation (6)
 F - a wand of slowing (27)
Scrolls
 h - 10 scrolls of identify
 o - a scroll of teleportation
 p - 3 scrolls of amnesia
 v - 4 scrolls of remove curse
 z - a scroll of magic mapping
 E - a scroll of noise
 G - a scroll of torment {unknown}
 I - a scroll of fear
 Q - a scroll of recharging
Potions
 b - a potion of haste
 k - a potion of brilliance
 l - a potion of curing
 m - 2 potions of berserk rage
 r - a potion of heal wounds
 w - a potion of ambrosia
 B - a potion of agility
 P - a potion of might
Books
 c - a book of Maledictions

   Spells                             Type                      Level
   a - Corona                         Hexes                        1
   b - Ensorcelled Hibernation        Hexes/Ice                    2
   c - Confuse                        Hexes                        3
   d - Tukima's Dance                 Hexes                        3
   e - Dazzling Spray                 Conjuration/Hexes            3
 A - a book of Alchemy

   Spells                             Type                      Level
   a - Sublimation of Blood           Necromancy                   2
   b - Ignite Poison                  Fire/Transmutation/Poison    3
   c - Alistair's Intoxication        Transmutation/Poison         4
   d - Condensation Shield            Ice                          4
   e - Petrify                        Transmutation/Earth          4
   f - Irradiate                      Conjuration/Transmutation    5
Comestibles
 d - 8 bread rations


   Skills:
 + Level 3.2 Fighting
 + Level 5.5 Short Blades
 + Level 0.1(2.5) Long Blades
 + Level 0.7 Throwing
 + Level 8.4 Dodging
 + Level 13.8 Stealth
 + Level 9.8 Spellcasting
 + Level 0.9 Conjurations
 + Level 10.3 Hexes
 + Level 0.3 Evocations


You had 19 spell levels left.
You knew the following spells:

 Your Spells              Type           Power        Failure   Level  Hunger
a - Confuse               Hex            ######..     1%          3    None
b - Dazzling Spray        Conj/Hex       #####...     1%          3    None
c - Tukima's Dance        Hex            ######..     1%          3    None


Dungeon Overview and Level Annotations

Branches:
Dungeon (10/15)            Temple (0/1) D:6            Lair (0/8) D:10
    Orc: D:9-12

Altars:
Cheibriados
Dithmenos
Elyvilon
Kikubaaqudgha
Makhleb
Qazlal
Ru
Sif Muna
Yredelemnul
Zin


Innate Abilities, Weirdness & Mutations

You are tiny and cannot use many weapons and most armour.
You have supernaturally acute eyesight.
You are a herbivore.
You cover ground extremely quickly.
You need consume almost no food.
You have sharp toenails.
You are resistant to hostile enchantments.


Message History

You see here a crocodile corpse.
You puncture the hill giant!
You claw the hill giant, but do no damage.
The hill giant is lightly wounded.
You hit the hill giant.
The hill giant is lightly wounded.
You strike the helpless hill giant from behind!
You impale the hill giant!!
The hill giant is heavily wounded.
The hill giant hits you with a giant spiked club!!
You hit the hill giant.
The hill giant is heavily wounded.
You hit the hill giant.
You claw the hill giant, but do no damage.
The hill giant is heavily wounded.
You hit the hill giant.
The hill giant is severely wounded.
The hill giant hits you with a giant spiked club!!!
Ouch! That really hurt!
You die...

.................
....P..>..♣...P..
..P........$...########
...[...................
#####+#......................
#.....#......................
+..#..#......P............./.
+..............†......######
###.†#.##.##÷..(@.....†#
...............C†......#
#.......###............###
#.......###..!...........#
#.............†...†......#
#..............###+#.....#
#.Y.Y..........###.#....##
'.[..Y............)#....#
#..........#+#.....÷....#


You could see a hill giant (confused).

Vanquished Creatures
  A komodo dragon (D:9)
  Prince Ribbit (D:5)
  A two-headed ogre (D:9)
  9 yaks
  A spriggan (D:7)
  A human (D:3)
  A deep elf mage (D:10)
  A hippogriff (D:8)
  Menkaure (D:7)
  The ghost of Antunes the Charmwright, an average DESk (D:5)
  2 orc warriors
  4 sky beasts
  7 spiders (D:9)
  2 ice beasts
  2 water moccasins
  A necrophage (D:8)
  3 ogres
  2 centaurs
  2 phantoms (D:9)
  5 crocodiles (D:10)
  2 giant frogs
  A brain worm (D:9)
  3 jellies
  A scorpion (D:8)
  9 wights
  A centaur zombie (D:9)
  4 crimson imps
  A giant frog zombie (D:9)
  3 hounds
  3 orc wizards
  3 orc priests
  Ijyb (D:2)
  A giant frog skeleton (D:9)
  2 iguanas
  4 worker ants
  A hound skeleton (D:5)
  11 gnolls
  5 river rats (D:10)
  20 adders
  A shadow imp (D:5)
  An ooze (D:2)
  An adder zombie (D:9)
  6 worms
  4 giant geckos
  25 orcs
  10 bats
  4 giant cockroaches
  8 goblins
  11 hobgoblins
  12 jackals
  9 kobolds
  2 ball pythons
  A giant gecko skeleton (D:7)
  9 giant newts
  9 quokkas
  A quokka skeleton (D:4)
  13 rats
251 creatures vanquished.

Vanquished Creatures (collateral kills)
  A gargoyle (D:10)
  An ogre (D:6)
  4 wights
  A gnoll (D:7)
  9 orcs
16 creatures vanquished.

Vanquished Creatures (others)
  A dancing weapon (D:10)
  A kobold skeleton (D:3)
  A bush (D:10)
  3 plants (D:10)
6 creatures vanquished.

Grand Total: 273 creatures vanquished

Notes
Turn   | Place    | Note
--------------------------------------------------------------
     0 | D:1      | Conn321 the Spriggan Enchanter began the quest for the Orb.
     0 | D:1      | Reached XP level 1. HP: 9/9 MP: 5/5
   234 | D:1      | Reached XP level 2. HP: 13/13 MP: 7/7
  1099 | D:2      | Noticed Ijyb
  1235 | D:2      | Killed Ijyb
  1235 | D:2      | Reached skill level 5 in Stealth
  1235 | D:2      | Reached XP level 3. HP: 6/16 MP: 8/8
  1520 | D:1      | Learned a level 3 spell: Confuse
  1524 | D:1      | Learned a level 3 spell: Dazzling Spray
  1914 | D:2      | Reached XP level 4. HP: 19/21 MP: 10/10
  2955 | D:2      | Found a sacrificial altar of Ru.
  2956 | D:2      | Found a deep blue altar of Sif Muna.
  2962 | D:2      | Became a worshipper of Sif Muna the Loreminder
  2967 | D:2      | Found a white marble altar of Elyvilon.
  2975 | D:2      | Found a snail-covered altar of Cheibriados.
  2979 | D:2      | Found a glowing silver altar of Zin.
  2985 | D:2      | Found a stormy altar of Qazlal.
  2992 | D:2      | Found a shadowy altar of Dithmenos.
  3085 | D:3      | Reached XP level 5. HP: 25/25 MP: 11/11
  3134 | D:3      | Reached skill level 6 in Stealth
  3380 | D:3      | Found a runed door.
  3380 | D:3      | Noticed a human
  3382 | D:3      | Found a basalt altar of Yredelemnul.
  3417 | D:3      | Killed a human
  3417 | D:3      | Reached skill level 7 in Stealth
  3417 | D:3      | Reached skill level 5 in Hexes
  3417 | D:3      | Reached XP level 6. HP: 26/29 MP: 7/13
  4625 | D:3      | Reached skill level 5 in Dodging
  4875 | D:3      | Reached skill level 1 in Fighting
  4875 | D:3      | Reached XP level 7. HP: 31/33 MP: 1/15
  4980 | D:3      | Learned a level 3 spell: Tukima's Dance
  5652 | D:4      | Reached skill level 5 in Spellcasting
  6188 | D:5      | Entered Level 5 of the Dungeon
  6229 | D:5      | Reached skill level 8 in Stealth
  6230 | D:5      | Noticed Antunes's ghost (average DESk)
  6246 | D:5      | Killed Antunes's ghost
  6246 | D:5      | Acquired Sif Muna's first power
  6564 | D:5      | Reached XP level 8. HP: 26/37 MP: 13/17
  6610 | D:5      | Reached skill level 9 in Stealth
  6800 | D:5      | Noticed Prince Ribbit
  6828 | D:5      | Killed Prince Ribbit
  7179 | D:5      | Found a sacrificial altar of Ru.
  7188 | D:5      | Reached skill level 10 in Stealth
  7292 | D:6      | Found a staircase to the Ecumenical Temple.
  7809 | D:7      | Reached XP level 9. HP: 42/42 MP: 20/20
  7940 | D:7      | Reached skill level 11 in Stealth
  8170 | D:7      | Found a shadowy altar of Dithmenos.
  8171 | D:7      | Noticed Menkaure
  8344 | D:7      | Killed Menkaure
  8549 | D:7      | Acquired Sif Muna's second power
  8821 | D:8      | Reached skill level 12 in Stealth
  9104 | D:8      | Got a scorched amber ring
  9106 | D:8      | Identified the ring "Vafraropn" {+Fly Int+2} (You found it on level 8 of the Dungeon)
  9914 | D:9      | Found a burning altar of Makhleb.
  9914 | D:9      | Noticed a balrug
  9917 | D:9      | Noticed a hellwing
  9917 | D:9      | Noticed an orange demon
 10531 | D:9      | Reached XP level 10. HP: 47/47 MP: 19/23
 10584 | D:9      | Gained mutation: You have sharp toenails. [potion of beneficial mutation]
 10586 | D:9      | Gained mutation: Your mind is acute. (Int +2) [potion of mutation]
 10586 | D:9      | Gained mutation: You are resistant to hostile enchantments. [potion of mutation]
 10586 | D:9      | Lost mutation: Your mind is acute. (Int +2) [potion of mutation]
 10841 | D:9      | Noticed a komodo dragon
 10871 | D:9      | Killed a komodo dragon
 10871 | D:9      | Reached skill level 13 in Stealth
 11063 | D:9      | Reached skill level 5 in Short Blades
 11559 | D:10     | Entered Level 10 of the Dungeon
 11715 | D:10     | Got a jewelled falchion
 11716 | D:10     | Identified the +3 falchion of Infinite Pain {flame, rElec rC+} (You found it on level 10 of the Dungeon)
 11796 | D:10     | Found a staircase to the Lair.
 11849 | D:10     | Noticed a hill giant
 11981 | D:10     | Found an ancient bone altar of Kikubaaqudgha.
 12007 | D:10     | Reached skill level 10 in Hexes
 12548 | D:10     | Slain by a hill giant

Vault maps used:
D:1:      mrwooster_arrival_arrow, hangedman_decor_slide_cut
D:2:      grunt_temple_overflow_octagram, minmay_goblin_kobold_house, uniq_iyjb
D:3:      dk_yredelemnul_ordeal
D:4:      first_bread, hangedman_decor_opposing
D:5:      nicolae_ru_great_annihilating_truth, uniq_prince_ribbit1
D:6:      minmay_temple_entry_mist
D:7:      the_bakery, nicolae_dithmenos_through_a_glass_darkly, uniq_menkaure
D:9:      makhleb_altar_promises_db, spider_trap, evilmike_minifort
D:10:     minmay_lair_entry_grove, basic_altar, kennysheep_opposing_triangles

Action                   |  1- 3 |  4- 6 |  7- 9 | 10-12 || total
-------------------------+-------+-------+-------+-------++-------
Melee: Dagger            |   123 |   206 |   417 |   126 ||   872
       Short sword       |       |       |       |   174 ||   174
       Falchion          |       |       |       |    19 ||    19
Throw: Stone             |    27 |       |       |       ||    27
 Cast: Corona            |     8 |       |       |       ||     8
       Confuse           |     5 |    39 |    41 |    55 ||   140
       Dazzling Spray    |       |     9 |     5 |     7 ||    21
       Tukima's Dance    |       |       |     6 |     2 ||     8
 Abil: Evoke Flight      |       |       |       |     3 ||     3
  Use: Scroll            |     4 |     5 |     5 |     4 ||    18
       Potion            |     2 |     2 |       |    13 ||    17
 Stab: Sleeping          |     9 |     5 |    28 |     1 ||    43
       Confused          |     3 |    22 |    25 |    27 ||    77
       Distracted        |       |     2 |     1 |     4 ||     7
       Invisible         |       |     1 |     3 |     3 ||     7
       Paralysed         |       |       |     1 |       ||     1
       Fleeing           |       |       |       |     1 ||     1
  Eat: Pizza             |       |     2 |       |       ||     2
       Bread ration      |       |     1 |     1 |       ||     2
